 Dungeon Crawl Stone Soup version 0.25.1-2-g60ff931df9 (webtiles) character file.

Game seed: 2711315022168952499

770 Allula97 the Bolt Thrower (level 7, 0/54 HPs)
             Began as a Demonspawn Hunter on Nov 17, 2020.
             Was a Follower of Okawaru.
             Killed by divine providence
             ... invoked by an orc priest
              (13 damage)
             ... on level 5 of the Dungeon.
             The game lasted 00:22:23 (4365 turns).

Allula97 the Bolt Thrower (Demonspawn Hunter)       Turns: 4365, Time: 00:22:23

Health: 0/54       AC:  7    Str: 12 (14) XL:     7   Next: 52%
Magic:  8/8        EV: 13    Int: 12      God:    Okawaru [*.....]
Gold:   157        SH:  0    Dex: 14      Spells: 6/6 levels left

rFire    . . .     SeeInvis .   a - +1 hand crossbow
rCold    + . .     Gourm    .   (no shield)
rNeg     . . .     Faith    .   v - +2 leather armour {rC+}
rPois    .         Spirit   .   (no helmet)
rElec    .         Reflect  .   s - +1 cloak
rCorr    .         Harm     .   (no gloves)
MR       .....                  (no boots)
Stlth    ++........             (no amulet)
HPRegen  0.18/turn              (no ring)
MPRegen  0.11/turn              (no ring)

@: no status effects
A: talons 2, spiny 1
a: Heroism, Renounce Religion


You were on level 5 of the Dungeon.
You worshipped Okawaru.
Okawaru was aware of your devotion.
You were hungry.

You visited 2 branches of the dungeon, and saw 6 of its levels.

You collected 157 gold pieces.

Inventory:

Hand Weapons
 a - a +1 hand crossbow (weapon)
Missiles
 d - 38 bolts (quivered)
 i - 5 javelins
 p - 3 atropa-tipped darts
Armour
 b - a +0 ring mail
 c - a +0 leather armour
 s - a +1 cloak (worn)
 v - a +2 leather armour of cold resistance (worn)
Scrolls
 g - 2 scrolls of teleportation {unknown}
 h - a scroll of magic mapping {unknown}
 j - a scroll of noise {unknown}
 l - 3 scrolls of remove curse {unknown}
 m - 2 scrolls of immolation {unknown}
 n - a scroll of fog {unknown}
 o - 2 scrolls of enchant armour {unknown}
 r - 2 scrolls of amnesia {unknown}
 t - 6 scrolls of identify {unknown}
Potions
 e - a potion of might
 k - a potion of flight
 q - a potion of curing
 u - a potion of lignification
Comestibles
 f - 7 rations


   Skills:
 * Level 4.2 Fighting
 * Level 4.9 Crossbows
 * Level 3.1 Armour
 + Level 3.0 Dodging
 - Level 1.8 Stealth
 * Level 3.2 Unarmed Combat
 + Level 2.0 Invocations


You had 6 spell levels left.
You didn't know any spells.
Your spell library was empty.

Dungeon Overview and Level Annotations

Branches:
Dungeon (5/15)             Temple (1/1) D:4

Altars:
Ashenzari
Cheibriados
Elyvilon
Fedhas
Gozag
Kikubaaqudgha
Makhleb
Nemelex Xobeh
Okawaru
Qazlal
Uskayaw
Vehumet
Wu Jian
Xom
Zin
The Shining One


Innate Abilities, Weirdness & Mutations

You have razor-sharp toenails.
You are partially covered in sharp spines.


Message History

You shoot a bolt. The bolt barely misses the orc priest.
The orc priest closely misses you.
Firing (i - inventory. (/) - cycle)
d - 41 bolts (quivered)
Press: ? - help, Shift-Dir - straight line, f/p - orc priest
Aim: an orc priest, wielding a +0 trident (almost dead)
You shoot a bolt. The bolt barely misses the orc priest.
The orc priest misses you.
Firing (i - inventory. (/) - cycle)
d - 40 bolts (quivered)
Press: ? - help, Shift-Dir - straight line, f/p - orc priest
Aim: an orc priest, wielding a +0 trident (almost dead)
You shoot a bolt. The bolt closely misses the orc priest.
The orc priest calls down the wrath of Beogh upon you.
You struggle to resist.
Firing (i - inventory. (/) - cycle)
d - 39 bolts (quivered)
Press: ? - help, Shift-Dir - straight line, f/p - orc priest
Aim: an orc priest, wielding a +0 trident (almost dead)
You shoot a bolt. The bolt barely misses the orc priest.
The orc priest mumbles some strange prayers to Beogh against you.
Beogh smites you!
You die...

.##(####.#
..(..##.# ## ...
..# ..+ #)# #.. ..
#.# #.#####.#.##.
#Z# #....<.......
#o####..###....##.
#.).)...###....#
#.#@##............
#.#.....####..###.
#.#.....# ...
#.#.##### ..##
#)#.. ... #.###
#.#


You could see an orc priest and a bullfrog zombie.

Vanquished Creatures
  An orc warrior (D:4)
  2 ogres (D:4)
  3 orc priests
  Terence (D:3)
  Ijyb (D:3)
  Natasha (D:3)
  2 orc wizards
  4 worker ants (D:4)
  9 adders
  3 gnolls (D:2)
  A worm (D:2)
  A dart slug (D:4)
  19 orcs
  8 bats
  8 goblins
  6 hobgoblins
  4 jackals (D:4)
  A quokka (D:2)
  A frilled lizard (D:3)
  3 kobolds
  7 rats
86 creatures vanquished.

Vanquished Creatures (others)
  A leopard gecko (D:3)
1 creature vanquished.

Grand Total: 87 creatures vanquished

Notes
Turn   | Place    | Note
-------+----------+-------------------------------------------
     0 | D:1      | Allula97 the Demonspawn Hunter began the quest for the Orb.
     0 | D:1      | Reached XP level 1. HP: 16/16 MP: 1/1
   115 | D:1      | Reached skill level 1 in Stealth
   185 | D:1      | Gained mutation: You are partially covered in sharp spines.
                  | [demonic ancestry]
   185 | D:1      | Reached XP level 2. HP: 19/22 MP: 2/2
   821 | D:2      | Reached skill level 1 in Armour
   821 | D:2      | Gained mutation: You have sharp toenails. [demonic
                  | ancestry]
   821 | D:2      | Reached XP level 3. HP: 26/28 MP: 3/3
   993 | D:2      | Reached skill level 1 in Unarmed Combat
  1423 | D:2      | Reached XP level 4. HP: 22/34 MP: 4/4
  1431 | D:2      | HP: 1/34 [gnoll/+0 flail (9)]
  2108 | D:3      | Noticed Ijyb
  2141 | D:3      | Killed Ijyb
  2333 | D:3      | Found a shimmering altar of Xom.
  2486 | D:3      | Gained mutation: You have razor-sharp toenails. [demonic
                  | ancestry]
  2486 | D:3      | Reached XP level 5. HP: 40/40 MP: 5/5
  2524 | D:3      | Noticed Natasha
  2529 | D:3      | Killed Natasha
  2651 | D:3      | Noticed Terence
  2656 | D:3      | Killed Terence
  2657 | D:3      | Found an opulent altar of Gozag.
  2896 | D:4      | Found a staircase to the Ecumenical Temple.
  2903 | Temple   | Entered the Ecumenical Temple
  2979 | Temple   | Became a worshipper of Warmaster Okawaru
  3046 | D:4      | Reached XP level 6. HP: 45/47 MP: 6/6
  3574 | D:4      | Reached skill level 1 in Invocations
  3578 | D:4      | Noticed an orc warrior
  3634 | D:4      | Killed an orc warrior
  3634 | D:4      | Reached XP level 7. HP: 12/53 MP: 6/8
  3882 | D:4      | Reached * piety under Okawaru
  3975 | D:4      | Found a hide-covered altar of Uskayaw.
  4072 | D:4      | Found a radiant altar of Vehumet.
  4072 | D:4      | Found a faded altar of an unknown god.
  4078 | D:4      | Found a burning altar of Makhleb.
  4080 | D:4      | Found an ornate altar of the Wu Jian Council.
  4081 | D:4      | Found a white marble altar of Elyvilon.
  4324 | D:5      | Entered Level 5 of the Dungeon
  4365 | D:5      | Killed from afar by an orc priest

Illustrated notes

Levels and vault maps discovered:
D:1:      dpeg_arrival_stone_temple_mockup, layout_basic, minmay_pentomino_x4
D:2:      layout_loops_corners, serial_forest, infiniplex_forest_corner_1,
          infiniplex_forest_corner_1, infiniplex_forest_lined_2,
          infiniplex_forest_lined_corner, infiniplex_forest_clump_double,
          infiniplex_forest_pool, infiniplex_forest_end_1,
          infiniplex_forest_corner_1, infiniplex_forest_clump_long, first_ration
D:3:      layout_rooms, old_standard_altar, grunt_gozag_breadcrumbs,
          uniq_terence, uniq_ijyb, uniq_natasha
D:4:      minmay_evil_eye, layout_loops_cross,
          chequers_temple_overflow_minitemple, eat_drink_and_be_merry_uskayaw,
          minmay_temple_entry_arrows
D:5:      layout_basic, lemuel_round_altar, basic_altar
Temple:   dpeg_three_leaves_temple

Skill      XL: |  1  2  3  4  5  6  7 |
---------------+----------------------+-----
Stealth        | 1 |  1.8
Armour         | 1 2 3 |  3.1
Dodging        | 2 3 |  3.0
Unarmed Combat | 1 2 3 |  3.2
Crossbows      | 4 |  4.9
Fighting       | 3 4 |  4.2
Invocations    | 1 2 |  2.0

Action                   |  1- 3 |  4- 6 |  7- 9 || total
-------------------------+-------+-------+-------++-------
Melee: Unarmed           |    18 |    25 |     6 ||    49
       Kick              |     4 |     4 |     1 ||     9
       Punch             |       |       |     1 ||     1
 Fire: Hand crossbow     |    74 |   114 |    43 ||   231
Invok: Heroism           |       |       |     1 ||     1
  Use: Potion            |       |     8 |       ||     8
 Stab: Invisible         |       |     1 |       ||     1
  Eat: Chunk             |     1 |     7 |     2 ||    10
Armor: Leather armour    |     5 |    14 |       ||    19
       Ring mail         |     4 |     2 |       ||     6
Dodge: Dodged            |    27 |    24 |    20 ||    71
